Map: Oceanborn LE

Players

FOB - Winner!

  • Race: Zerg Zerg
  • League: Silver
  • Spawn Location: 5:00

Nyck

  • Race: Terran Terran
  • League: Silver
  • Spawn Location: 11:00

VOD

Have the link to the VOD?

Description

Time

  • Played on: Oct. 9, 2024, 4:31 p.m.
  • Length: 12:04
Show
View Real Time Build Order
Export as new Build Order

FOB Zerg - Winner!

Build Orders: Hatch First, Lurkers, Roach Hydra 

Get SALT Encoding   

  12  0:00  Drone  
  13  0:12  Overlord  
  13  0:18  Drone  
  14  0:31  Drone x2  
  16  0:50  Drone  
  16  0:52  Hatchery  
  16  0:55  Drone  
  17  0:57  Drone  
  18  1:09  Extractor  
  17  1:14  Spawning Pool  
  17  1:17  Drone  
  17  1:20  Drone  
  18  1:28  Drone  
  19  1:39  Drone  
  20  1:49  Drone  
  21  2:03  Queen  
  21  2:04  Queen  
  21  2:05  Zergling x4  
  27  2:17  Overlord  
  27  2:19  Drone  
  27  2:21  Metabolic Boost  
  28  2:37  Drone x4  
  32  2:48  Queen  
  34  2:53  Overlord  
  34  2:56  Drone x2  
  36  3:05  Hatchery  
  35  3:08  Drone  
  36  3:18  Roach Warren  
  35  3:22  Drone  
  35  3:23  Drone  
  35  3:24  Drone x5  
  42  3:28  Queen  
  42  3:29  Overlord  
  44  3:34  Overlord  
  44  3:44  Extractor  
  44  3:45  Drone  
  44  3:52  Drone x3  
  44  3:54  Drone  
  48  4:01  Roach x4  
  55  4:24  Queen  
  55  4:28  Roach x4  
  55  4:30  Overlord x6  
  65  4:42  Spore Crawler  
  65  4:43  Drone  
  65  4:45  Spore Crawler  
  65  4:46  Drone  
  65  4:48  Queen  
  65  4:49  Lair  
  65  4:50  Drone  
  65  4:52  Drone  
  69  4:53  Drone  
  69  4:55  Drone  
  69  4:57  Drone  
  69  4:58  Drone  
  73  5:07  Drone x5  
  78  5:17  Spore Crawler  
  78  5:18  Drone  
  78  5:19  Drone x5  
  83  5:26  Evolution Chamber  
  83  5:27  Drone, Evolution Chamber  
  82  5:49  Roach x4  
  98  5:50  Roach x4  
  98  5:53  Extractor  
  98  5:54  Drone x2, Extractor  
  98  5:55  Drone  
  98  5:56  Drone, Hatchery  
  98  5:57  Drone  
  100  5:59  Overlord  
  100  6:01  Overlord  
  100  6:06  Drone  
  100  6:07  Drone  
  100  6:08  Drone  
  103  6:16  Roach  
  103  6:17  Roach  
  107  6:20  Roach x7  
  107  6:25  Overlord x2  
  121  6:38  Glial Reconstitution  
  121  6:40  Zerg Missile Weapons Level 1  
  106  7:04  Queen x3  
  106  7:07  Drone x9  
  106  7:08  Drone x7  
  128  7:14  Zerg Ground Armor Level 1  
  128  7:18  Extractor  
  128  7:19  Drone x3, Extractor  
  128  7:20  Drone  
  128  7:21  Drone  
  131  7:25  Drone x2  
  131  7:28  Ravager x4  
  131  7:29  Ravager x2  
  139  7:32  Extractor  
  139  7:34  Spore Crawler, Extractor  
  139  7:36  Drone  
  137  7:37  Drone x2  
  139  7:48  Drone  
  139  7:49  Drone x2  
  139  7:50  Drone x2  
  144  7:53  Overlord x7  
  144  7:55  Overseer  
  144  7:56  Overseer  
  144  8:05  Infestation Pit  
  143  8:06  Hydralisk Den  
  143  8:07  Roach  
  144  8:29  Spine Crawler  
  144  8:30  Spine Crawler  
  142  8:36  Muscular Augments, Hydralisk x13  
  142  8:37  Hydralisk  
  170  8:45  Hive  
  170  9:00  Zerg Missile Weapons Level 2, Lurker Den  
  170  9:02  Roach x3  
  175  9:03  Zergling x18  
  175  9:04  Zergling x10  
  189  9:10  Hatchery  
  188  9:20  Hatchery  
  187  9:27  Zerg Ground Armor Level 2  
  187  9:40  Grooved Spines  
  186  9:57  Seismic Spines  
  186  10:02  Lurker x7  
  193  10:09  Hydralisk x3  
  193  10:11  Zergling x2  
  200  10:18  Adrenal Glands  
  200  10:44  Extractor  
  200  10:45  Extractor  
  198  10:50  Extractor  
  198  10:53  Hydralisk x4  
  198  10:54  Extractor, Hydralisk x2  
  198  10:55  Adaptive Talons  
  143  11:26  Hydralisk x3  
  143  11:27  Hydralisk x20  
Show
View Real Time Build Order
Export as new Build Order

Nyck Terran 

Build Orders:  

Get SALT Encoding   

  12  0:00  SCV  
  13  0:12  SCV  
  14  0:17  Supply Depot  
  14  0:25  SCV  
  15  0:40  SCV  
  15  0:41  Barracks  
  16  0:44  Refinery  
  16  0:52  SCV  
  17  1:05  SCV  
  18  1:13  Refinery  
  18  1:18  SCV, Barracks  
  19  1:28  Reaper  
  19  1:31  Supply Depot  
  20  1:34  SCV  
  21  1:47  Orbital Command  
  21  2:01  Barracks Tech Lab  
  21  2:05  Barracks Reactor  
  21  2:13  SCV  
  22  2:22  Combat Shield  
  22  2:27  Marauder  
  24  2:48  Marine  
  24  2:49  Command Center  
  24  2:50  Marine  
  24  2:51  Marine  
  27  2:58  SCV  
  28  3:07  Factory  
  28  3:10  SCV, Barracks  
  29  3:22  SCV  
  30  3:34  SCV  
  30  3:41  Stimpack  
  31  3:55  Starport, Engineering Bay  
  31  3:59  Engineering Bay  
  31  4:19  Orbital Command  
  31  4:22  SCV  
  32  4:27  Terran Infantry Weapons Level 1  
  32  4:28  Terran Infantry Armor Level 1  
  32  4:31  Barracks Reactor  
  32  4:34  SCV  
  32  4:37  Supply Depot  
  33  4:39  Medivac  
  35  4:46  SCV x2  
  37  4:58  SCV x2  
  39  5:04  Marine  
  39  5:05  Marine  
  39  5:06  Marauder  
  43  5:08  Supply Depot  
  43  5:11  SCV x2  
  43  5:13  Medivac  
  47  5:22  Marine x2  
  47  5:28  Hellion  
  51  5:35  Marine x2  
  53  5:37  Marauder  
  55  5:43  SCV x2, Medivac  
  55  5:48  Command Center  
  55  5:49  Hellion  
  61  6:00  Armory  
  61  6:02  SCV x2  
  63  6:06  Refinery  
  63  6:08  Refinery  
  63  6:14  SCV x2  
  65  6:23  Marine  
  65  6:24  Marine x3  
  69  6:26  SCV  
  70  6:35  Supply Depot  
  70  6:51  SCV  
  70  6:53  Marauder  
  69  6:57  Supply Depot  
  60  7:13  Marine x4  
  60  7:15  Marauder, Terran Infantry Weapons Level 2, Terran Infantry Armor Level 2  
  66  7:18  Liberator  
  66  7:22  Widow Mine  
  71  7:27  SCV x2  
  73  7:31  Orbital Command  
  73  7:34  Supply Depot  
  73  7:35  Marine x4  
  73  7:36  Supply Depot, Marauder  
  79  7:43  SCV x2, Widow Mine  
  83  7:54  Orbital Command  
  83  7:56  Terran Ship Weapons Level 1  
  83  7:57  Command Center  
  83  8:01  Liberator  
  86  8:28  SCV x3  
  89  8:40  SCV x3  
  92  8:42  Marine, Refinery  
  92  8:43  Marine x4  
  99  8:48  Widow Mine  
  99  8:50  Liberator  
  99  8:52  SCV x2  
  99  8:53  SCV  
  105  9:02  Supply Depot  
  105  9:04  Supply Depot  
  105  9:09  Orbital Command  
  101  9:20  Marine x3, Marauder  
  101  9:21  Marine  
  107  9:25  Supply Depot  
  107  9:28  Supply Depot  
  107  9:50  Supply Depot  
  107  9:53  Supply Depot, Marine x4, Marauder  
  107  9:58  Medivac  
  115  10:09  SCV x3  
  115  10:11  Marine x2  
  115  10:14  Supply Depot, Marauder  
  120  10:15  Marine x2  
  120  10:20  Widow Mine  
  126  10:24  Supply Depot  
  126  10:28  Orbital Command  
  126  10:29  Marine x2  
  126  10:31  Medivac  
  126  10:32  Command Center  
  126  10:33  Marine x2  
  132  10:36  Marauder  
  134  10:46  Supply Depot  
  129  10:57  Marauder  
  52  11:30  Marine x4  
  52  11:31  Marauder  
  37  11:45  SCV x2  
Tags
 
Add a new tag
Caveats
  • Supply blocks, unpowered buildings, or Contaminate may cause inaccurate times.
  • Supply counts are checked every 10 seconds.